Map: 莱瑞拉克之冠

Players

shengy

  • Race: Zerg Zerg
  • League: Platinum

Uruseh - Winner!

  • Race: Zerg Zerg
  • League: Platinum

VOD

Have the link to the VOD?

Description

Time

  • Played on: Jan. 1, 2016, 1:29 a.m.
  • Length: 5:46
Show
View Real Time Build Order
Export as new Build Order

shengy Zerg 

Build Orders: Pool First 

Get SALT Encoding   

  12  0:01  Drone  
  13  0:08  Drone  
  14  0:16  Overlord  
  14  0:35  Drone x3  
  17  0:46  Spawning Pool  
  17  0:49  Extractor  
  15  0:52  Drone  
  16  1:02  Drone  
  17  1:08  Drone  
  18  1:22  Hatchery  
  17  1:29  Drone  
  18  1:35  Queen  
  20  1:43  Overlord  
  20  1:46  Zergling x2  
  21  1:59  Metabolic Boost  
  21  2:11  Baneling Nest  
  21  2:13  Queen  
  22  2:21  Zergling x4  
  22  2:22  Zergling x2  
  25  2:35  Zergling x4  
  27  2:55  Zergling x8  
  31  2:59  Baneling x2  
  31  3:02  Zergling x2  
  32  3:08  Overlord  
  32  3:29  Zergling x2  
  32  3:30  Zergling x14  
  40  3:47  Lair  
  40  3:48  Drone  
  41  3:50  Extractor  
  41  3:51  Baneling  
  41  3:52  Baneling  
  41  3:55  Drone  
  26  4:26  Drone x8  
  34  4:37  Drone  
  34  4:38  Drone x3  
  38  4:51  Drone x2, Extractor  
  38  4:52  Extractor, Drone  
  39  5:05  Spire  
  39  5:07  Drone x2  
  40  5:17  Overlord x2  
  40  5:19  Drone  
Show
View Real Time Build Order
Export as new Build Order

Uruseh Zerg - Winner!

Build Orders: Hatch First 

Get SALT Encoding   

  12  0:00  Drone  
  13  0:08  Drone  
  14  0:36  Hatchery  
  14  0:39  Drone  
  14  0:54  Spawning Pool  
  13  1:01  Overlord  
  13  1:06  Drone  
  14  1:20  Drone x2  
  14  1:23  Drone  
  17  1:35  Drone  
  18  1:41  Queen  
  20  1:48  Extractor, Drone x2  
  20  1:52  Queen  
  23  1:57  Zergling x2  
  24  2:09  Drone x2  
  26  2:18  Overlord  
  26  2:25  Spine Crawler  
  26  2:27  Drone x2  
  27  2:37  Drone x2  
  29  2:52  Metabolic Boost, Drone x2  
  29  2:57  Roach Warren  
  30  3:00  Drone x3  
  33  3:06  Overlord  
  33  3:18  Overlord x2  
  32  3:28  Zergling x14  
  39  3:40  Roach x3  
  45  3:43  Roach  
  47  3:56  Roach x3  
  47  3:58  Zergling x6  
  55  4:14  Zergling x2  
  55  4:15  Zergling x8  
  50  4:30  Queen  
  52  4:36  Spine Crawler  
  52  4:37  Roach x4  
  59  4:46  Overlord  
  59  4:48  Overlord  
  58  5:04  Zergling x2  
  58  5:05  Spine Crawler, Zergling x10  
  63  5:15  Drone x2  
Tags
 
Add a new tag
Caveats
  • Supply blocks, unpowered buildings, or Contaminate may cause inaccurate times.
  • Supply counts are checked every 10 seconds.